Yev-Ruu, chaotic female vampiric Convict ----- ----- |...| ---------- |>..| |<...# |.........# |...| #-...|#0# #..._.....|# ----------- |...| #|...|## ###--.-.-----# #..........| -|--- #---|.# # ## # # ###|.........| # 0## ### ### # ## # # |.........| # # 0# # # #############################-.........| # ### # # # # # # 0 #---------- # |.........| # ######## # # #### ### ###### #+........|### ----------- ### ###-.-.---|.---# # ## # |{.......|# # # # |.....u..).|### ## |.........# ---|------### ...i..Z@..)-### --.-- |........| |.........%[###+..........|# # |...| |........| |.....)).| ##|.........`.# ##....| |........| |.........#### ------------ |...| ---------- |........| ----- ---------- Yev-Ruu the Jail-bird Experience level: 9 Strength: 15 Dexterity: 14 Constitution: 20 Intelligence: 10 Wisdom: 9 Charisma: 11 Health: 0(95) Energy: 56(56) AC: -4 Gold: 655 Moves: 6673 Your Inventory: Coins $ - 655 gold pieces Armor b - a cursed +0 striped shirt (being worn) i - a blessed burnt +0 cloak of displacement (being worn) t - an [uncursed] +0 blue and green shield [elven] (being worn) u - a cursed [+0] elven mithril-coat [of drain resistance] E - an uncursed +0 dwarvish mithril-coat (being worn) K - a blessed +2 hard hat [dwarvish iron helm] (being worn) Wands T - an [uncursed] wand of light [0:14] Tools a - an [uncursed +0] unicorn horn d - a [blessed oil] lamp called Reg e - an [uncursed] stethoscope X - an [uncursed] blindfold Iron balls c - an uncursed heavy iron ball (weapon in hand) Spells known in the end: Name Level Category Fail Memory Your skills at the end: Fighting Skills shield [Basic / Basic] Weapon Skills flail [Basic / Expert] sling [Basic / Skilled] Spellcasting Skills Final Attributes: You were piously aligned. Hunger level was -51. Your alignment was 42 / 43. Monster difficulty range was 0 - 7. Level difficulty was 5. You were immune to poison. You were immune to level-drain. You were immune to sickness. You saw invisible. You were displaced. You could fly. You could survive without air. You regenerated. You were unlucky (-2). Tymora was angry with you (1). You are dead. Vanquished creatures: 9 black puddings a large mimic a warg 3 small mimics a pyrolisk a large cat an elf mummy 2 chameleons a crocodile 2 giant beetles an iron piercer 2 horses an ice vortex a black light a dwarf mummy an owlbear a yeti a gold golem a white unicorn 3 apes a Woodland-elf a soldier ant an orc shaman a rock mole a pony a fog cloud a shrieker 3 gnome lords a gnomish wizard a gray ooze an elf zombie 2 straw golems a giant ant 3 little dogs a floating eye a kitten 7 dwarves a kobold lord 9 hill orcs 2 rothes a centipede a giant bat 13 orc zombies a werejackal an iguana 5 hobbits 2 hobgoblins 2 giant rats 3 cave spiders 2 brown molds 22 gnomes 3 geckos 7 jackals a goblin 2 grid bugs 11 lichens 2 kobold zombies 5 newts 159 creatures vanquished. Voluntary challenges: You went without food. You never hit with a wielded weapon. You read items or engraved 10 times. You put on armor 21 times. You never genocided any monsters. You never polymorphed an object. You never changed form. You used no wishes. You abstained from Elbereth's help. You never encountered a bones level. You never used any Sokoban shortcuts. Dungeon overview: The Dungeons of Doom: levels 1 to 9 Level 1 (Vault) a long staircase Level 2 an armor shop, some fountains, a sink Level 3 (Vault) Level 4 an altar stairs to The Gnomish Mines Level 5 <- You were here an altar to Tymora, a fountain Level 7 stairs to Sokoban Level 8 a general store stairs to Town Level 9 an altar to Tymora, a fountain The Gnomish Mines: levels 5 to 6 Level 5 stairs to The Dungeons of Doom Sokoban: Level 6 a magic chest stairs to The Dungeons of Doom Town: Level 7 stairs to The Dungeons of Doom History has recorded: On T:1 you entered the Dungeons of Doom to retrieve the Amulet of Yendor! On T:211 you advanced to experience level 2. On T:270 you reached level 2 of The Dungeons of Doom. On T:729 you advanced to experience level 3. On T:1159 you advanced to experience level 4. On T:1165 you advanced to experience level 5. On T:1168 you advanced to experience level 6. On T:1177 you advanced to experience level 7. On T:1191 you advanced to experience level 8. On T:1583 you reached level 3 of The Dungeons of Doom. On T:1988 you reached level 4 of The Dungeons of Doom. On T:2398 you reached level 1 of The Gnomish Mines. On T:2706 you reached level 2 of The Gnomish Mines. On T:2949 you reached level 5 of The Dungeons of Doom. On T:3080 you advanced to experience level 9. On T:3715 you reached level 6 of The Dungeons of Doom. On T:4116 you reached level 7 of The Dungeons of Doom. On T:4477 you reached level 3 of Sokoban. On T:4679 you reached level 8 of The Dungeons of Doom. On T:5258 you reached level 3 of Town. On T:5419 you reached level 9 of The Dungeons of Doom. Latest messages: The horse just misses! The horse bites! The horse kicks! The horse bites! [HP-2=10] The horse kicks! The horse bites! The kobold zombie misses. [HP-1=9] The horse kicks! The horse bites! The horse kicks! The horse misses. The horse kicks! The horse bites! The kobold zombie hits! The horse misses. The horse bites! [HP-6=3] The horse misses. The horse bites! The horse kicks! You die... Final status: Goodbye Yev-Ruu the Convict... You died in The Dungeons of Doom on dungeon level 5 with 2014 points, and 655 pieces of gold, after 6673 moves. You were level 9 with a maximum of 95 hit points when you died.